Map: Бюро находок РВ

Players

HOPERHAF - Winner!

  • Race: Zerg Zerg
  • League: Diamond
  • Spawn Location: 1:00

ИИ 2 (новичок)

  • Race: Zerg Zerg
  • Spawn Location: 7:00

VOD

Have the link to the VOD?

Description

Time

  • Played on: May 28, 2018, 3:42 p.m.
  • Length: 4:02
Show
View Real Time Build Order
Export as new Build Order

HOPERHAF Zerg - Winner!

Build Orders: Pool First 

Get SALT Encoding   

  12  0:01  Drone  
  13  0:13  Overlord  
  13  0:20  Drone  
  14  0:31  Drone x2  
  16  0:36  Drone  
  16  0:41  Extractor  
  16  0:46  Spawning Pool  
  15  0:50  Drone  
  16  1:12  Hatchery  
  16  1:18  Drone  
  16  1:20  Drone  
  17  1:36  Queen  
  19  1:41  Zergling x2  
  19  1:46  Metabolic Boost  
  20  1:52  Overlord  
  20  2:02  Baneling Nest  
  20  2:07  Zergling x4  
  21  2:11  Zergling x2  
  22  2:19  Zergling x2  
  23  2:24  Zergling x2  
  24  2:31  Zergling x2  
  24  2:35  Zergling x2  
  26  2:39  Zergling x2  
  27  2:46  Zergling x8  
  31  3:06  Baneling  
  31  3:07  Baneling x2  
  31  3:08  Baneling x2  
  31  3:11  Drone x2  
  31  3:12  Drone x2  
  35  3:38  Overlord  
  35  3:44  Drone x2, Extractor  
  35  3:46  Extractor  
Show
View Real Time Build Order
Export as new Build Order

ИИ 2 (новичок) Zerg 

Build Orders: Pool Only 

Get SALT Encoding   

  12  0:01  Drone  
  13  0:12  Overlord  
  13  0:16  Drone  
  14  0:34  Spawning Pool  
  13  0:36  Drone  
  13  0:40  Extractor  
  13  0:44  Drone  
  14  0:51  Overlord  
  14  1:20  Queen  
  14  1:22  Zergling x2  
  17  1:29  Roach Warren  
  17  1:31  Drone  
  17  1:36  Extractor  
  17  1:39  Drone  
  17  1:42  Zergling x2  
  18  1:54  Drone  
  19  2:02  Zergling x2  
  19  2:05  Drone  
  21  2:16  Drone  
  22  2:27  Drone  
  22  2:28  Overlord  
  23  2:34  Drone  
  24  2:41  Drone  
  25  3:29  Zergling x2  
Tags
 
Add a new tag
Caveats
  • Supply blocks, unpowered buildings, or Contaminate may cause inaccurate times.
  • Supply counts are checked every 10 seconds.